 Dungeon Crawl Stone Soup version 0.29.1-15-g9cfb28693d (webtiles) character file.

Game seed: 1660935822360142331

2417 Dirian the Cleaver (level 9, -8/81 HPs)
             Began as a Minotaur Fighter on Mar 3, 2023.
             Was a Believer of Makhleb.
             Mangled by a gnoll bouda
             ... wielding a +0 halberd
              (11 damage)
             ... in a bailey.
             The game lasted 00:10:56 (5069 turns).

Dirian the Cleaver (Minotaur Fighter)               Turns: 5069, Time: 00:10:57

Health: -8/81      AC: 16    Str: 25    XL:     9   Next: 23%
Magic:  8/8        EV:  9    Int:  5    God:    Makhleb [**....]
Gold:   239        SH:  5    Dex: 10    Spells: 8/8 levels left

rFire   . . .      SeeInvis .   a - +2 war axe (vamp)
rCold   . . .      Faith    .   c - +0 buckler
rNeg    . . .      Spirit   .   s - +0 chain mail
rPois   .          Reflect  .   (helmet restricted)
rElec   .          Harm     .   e - +0 cloak {Stlth+}
rCorr   .          Rampage  .   (no gloves)
Will    .....                   m - +0 pair of boots
Stlth   ..........              (no amulet)
HPRegen 0.23/turn               o - +4 ring of protection
MPRegen 0.11/turn               (no ring)

@: mighty, weakened
A: horns 2, retaliatory headbutt
a: Renounce Religion, Minor Destruction


You were in a bailey.
You worshipped Makhleb.
Makhleb was pleased with you.
You visited 1 branch of the dungeon, and saw 7 of its levels.
You also visited: Bailey.

You collected 330 gold pieces.
You spent 91 gold pieces at shops.

Inventory:

Hand Weapons
 a - a +2 vampiric war axe (weapon)
 l - a +2 war axe of freezing
Missiles
 i - a throwing net (quivered)
Armour
 c - a +0 buckler (worn)
 e - a +0 cloak of stealth (worn)
 g - +0 steam dragon scales
 m - a +0 pair of boots (worn)
 p - a +0 plate armour
 s - a +0 chain mail (worn)
Jewellery
 j - a +4 ring of evasion
 k - a ring of flight
 o - a +4 ring of protection (left hand)
Wands
 b - a wand of roots (9)
Scrolls
 r - 6 scrolls of identify
 t - a scroll of teleportation
Potions
 d - a potion of might
 f - 3 potions of mutation
 h - a potion of haste
 n - 2 potions of magic
 q - 2 potions of curing


   Skills:
 * Level 8.0 Fighting
 + Level 11.4 Axes
 - Level 5.4 Armour
 - Level 3.2 Dodging
 - Level 5.0 Shields
 * Level 0.8 Invocations


You had 8 spell levels left.
You didn't know any spells.
Your spell library contained the following spells:

 Spells                   Type           Power      Damage    Failure   Level
 Magic Dart               Conj           0%         1d3       99%         1
 Sandblast                Erth           0%         2d4       99%         1
 Passwall                 Tmut/Erth      0%         N/A       100%        2
 Stone Arrow              Conj/Erth      0%         3d7       100%        3
 Blade Hands              Tmut           0%         N/A       100%        5
 Irradiate                Conj/Tmut      0%         3d11      100%        5
 Dragon Form              Tmut           0%         N/A       100%        7


Dungeon Overview and Level Annotations

Branches:
Dungeon (7/15) Zot: 26903  Temple (0/1) D:4          Bailey (1/1) Zot: 5818

Altars:
Fedhas
Hepliaklqana
Kikubaaqudgha
Makhleb
Okawaru
Qazlal
Sif Muna
Uskayaw
Vehumet
Wu Jian

Shops:
D:2 [   D:3 (   D:6 [


Innate Abilities, Weirdness & Mutations

You have a pair of horns on your head.
You reflexively headbutt those who attack you in melee.


Message History

The gnoll bouda barks out a call to the hunt! x2
The gnoll bouda picks up the pace!
The gnoll sergeant barely misses you.
You hear a howl!
You hear a shout!
You hear a howl!
The gnoll bouda calls upon its god to heal the gnoll bouda.
The gnoll bouda's wounds heal themselves!
The gnoll bouda gazes fiercely through something!
You feel as though you will be weak longer.
Things that are here:
a +0 halberd; a gnoll corpse You block the gnoll sergeant's attack.
The gnoll bouda gazes fiercely through you!
You feel as though you will be weak longer.
The gnoll bouda is no longer moving quickly.
You block the gnoll sergeant's attack.
There is an open door here.
The gnoll sergeant is no longer moving quickly.
The wolf pauses to sniff the ground.
The gnoll bouda barks out a call to the hunt!
The gnolls pick up the pace!
The gnoll bouda barks out a call to the hunt!
The gnoll bouda gazes fiercely through you!
You feel as though you will be weak longer.
There is an open gate here.
The gnoll bouda gazes fiercely through you!
You feel as though you will be weak longer.
You block the gnoll bouda's attack.
The gnoll bouda hits you from afar with a +0 halberd!
* * * LOW HITPOINT WARNING * * *
The gnoll bouda gazes fiercely through you!
You feel as though you will be weak longer.
Things that are here:
a +0 spear; a +0 scale mail You feel better.
The gnoll bouda hits you from afar with a +0 trident.
* * * LOW HITPOINT WARNING * * *
The gnoll bouda barks out a call to the hunt!
The gnoll bouda hits you from afar with a +0 halberd!
You die...

#'###.....######..≈...♣♣
..)#......g#...'.......♣♣♣#
..)')..8).gh...'.....)†..∩#
...#..)....#.g.g.....).♣♣♣#
#'###.....######..≈...♣♣ ..
##...## #hg≈...♣ .. #####
#gg≈...♣ .. #..≈..♣♣ #.
#@.≈.♣♣ ## ###).≈.♣
#...≈≈♣♣ ≈≈≈≈≈≈≈≈≈≈≈♣♣
♣♣♣♣♣♣♣♣♣♣♣♣


You could see a gnoll sergeant (swift), a wolf and 3 gnoll boudas.

Vanquished Creatures
  Maggie (D:6)
  Prince Ribbit (D:5)
  Sigmund (D:4)
  Duvessa (D:6)
  A water moccasin (D:7)
  An ice beast (D:5)
  A centaur (D:7)
  A kobold brigand (D:6)
  2 phantoms
  3 gnoll sergeants (Bailey)
  3 scorpions
  Dowan (D:6)
  6 hounds
  3 jellies
  An orc priest (D:5)
  3 iguanas
  Crazy Yiuf (D:4)
  Natasha (thrice) (D:2)
  2 orc wizards
  Robin (D:3)
  7 gnolls (Bailey)
  6 adders
  4 white imps
  An ufetubus (D:4)
  A worm (D:2)
  A dart slug (D:3)
  11 orcs
  4 bats
  5 endoplasms
  3 giant cockroaches
  21 goblins
  7 hobgoblins
  9 jackals
  2 quokkas
  5 ball pythons
  2 frilled lizards
  20 kobolds
  A rat (D:3)
147 creatures vanquished.

Vanquished Creatures (others)
  An orc (D:6)
  A plant (D:3)
2 creatures vanquished.

Grand Total: 149 creatures vanquished

Notes
Turn   | Place    | Note
-------+----------+-------------------------------------------
     0 | D:1      | Dirian the Minotaur Fighter began the quest for the Orb.
     0 | D:1      | Reached XP level 1. HP: 19/19 MP: 0/0
   428 | D:1      | Reached XP level 2. HP: 27/27 MP: 1/1
  1123 | D:2      | Reached XP level 3. HP: 33/33 MP: 2/2
  1132 | D:2      | Found Nuerag's Antique Armour Boutique.
  1442 | D:2      | Found a burning altar of Makhleb.
  1455 | D:2      | Noticed Natasha
  1462 | D:2      | Killed Natasha
  1463 | D:2      | Reached XP level 4. HP: 27/40 MP: 3/3
  1471 | D:2      | Became a worshipper of Makhleb the Destroyer
  1687 | D:2      | Noticed Natasha
  1702 | D:2      | Killed Natasha
  1703 | D:2      | Reached skill level 3 in Axes
  1703 | D:2      | Reached skill level 5 in Armour
  1727 | D:2      | Noticed Natasha
  1730 | D:2      | Killed Natasha
  1897 | D:3      | Found a blossoming altar of Fedhas.
  1964 | D:3      | Found Peokke's Weapon Shop.
  1975 | D:3      | Bought a +0 war axe of freezing for 91 gold pieces
  1983 | D:3      | Noticed Robin
  1990 | D:3      | Reached XP level 5. HP: 40/47 MP: 4/4
  1994 | D:3      | Killed Robin
  2136 | D:3      | Reached * piety under Makhleb
  2148 | D:3      | Reached skill level 4 in Axes
  2295 | D:3      | Found a stormy altar of Qazlal.
  2476 | D:4      | Noticed Sigmund
  2530 | D:4      | Reached skill level 5 in Axes
  2530 | D:4      | Reached XP level 6. HP: 55/55 MP: 5/5
  2536 | D:4      | Killed Sigmund
  2537 | D:4      | Reached skill level 5 in Fighting
  2537 | D:4      | Reached skill level 6 in Axes
  2537 | D:4      | Reached skill level 1 in Dodging
  2621 | D:4      | Found a runed translucent door.
  2622 | D:4      | Noticed Crazy Yiuf
  2697 | D:4      | Reached XP level 7. HP: 61/61 MP: 6/6
  2890 | D:4      | Found a staircase to the Ecumenical Temple.
  3039 | D:4      | Killed Crazy Yiuf
  3074 | D:5      | Entered Level 5 of the Dungeon
  3083 | D:5      | Reached skill level 7 in Axes
  3297 | D:5      | Reached skill level 8 in Axes
  3297 | D:5      | Reached skill level 5 in Shields
  3333 | D:5      | Reached ** piety under Makhleb
  3335 | D:5      | Reached XP level 8. HP: 38/70 MP: 7/7
  3625 | D:5      | Found a shimmering blue altar of Sif Muna.
  3626 | D:5      | Found an ancient bone altar of Kikubaaqudgha.
  3626 | D:5      | Found a radiant altar of Vehumet.
  3633 | D:5      | Got Vehumet's Almanac of Attacks
  3751 | D:6      | Noticed Prince Ribbit
  3751 | D:6      | Found Yjuy's Armour Shoppe.
  3765 | D:5      | Killed Prince Ribbit
  3766 | D:5      | Reached skill level 9 in Axes
  4073 | D:6      | Noticed Maggie
  4094 | D:6      | Killed Maggie
  4095 | D:6      | Reached skill level 10 in Axes
  4095 | D:6      | Found a hazy altar of Hepliaklqana.
  4095 | D:6      | Found an ornate altar of the Wu Jian Council.
  4421 | D:6      | Noticed Duvessa
  4421 | D:6      | Noticed Dowan
  4428 | D:6      | Killed Dowan
  4430 | D:6      | Killed Duvessa
  4686 | D:6      | Found an iron altar of Okawaru.
  4693 | D:6      | Found a hide-covered altar of Uskayaw.
  4824 | D:7      | Reached skill level 11 in Axes
  4824 | D:7      | Reached XP level 9. HP: 79/79 MP: 8/8
  4834 | D:7      | Found a flagged portal.
  4888 | Bailey   | Entered a bailey
  5068 | Bailey   | HP: 1/81 [gnoll bouda/+0 halberd (11)]
  5069 | Bailey   | Mangled by a gnoll bouda

Illustrated notes

Levels and vault maps discovered:
D:1:      eino_arrival_water_star, layout_basic, roderic_roman_lattice
D:2:      layout_basic, basic_altar, serial_shops, nicolae_shop_trees,
          hangedman_decor_riveting, uniq_natasha
D:3:      layout_basic, mainiacjoe_overflow_tiny_flanked, fedhas_altar_1,
          serial_shops, nicolae_square_shop, glass_columns_b,
          minmay_increasing_density, uniq_robin
D:4:      layout_cave_pools, minmay_temple_entry_hall, uniq_sigmund,
          uniq_crazy_yiuf_cottage
D:5:      layout_rooms, grunt_temple_overflow_magic_moments
D:6:      layout_rooms, mainiacjoe_overflow_alcove_3, serial_shops, shop_statue,
          uniq_duvessa, uniq_prince_ribbit1, uniq_maggie
D:7:      layout_loops_ring, enter_bailey_3
Bailey:   bailey_polearm_gnolls_kennysheep, bailey

Skill      XL: |  1  2  3  4  5  6  7  8  9 |
---------------+----------------------------+-----
Shields        | 4 5 |  5.0
Armour         | 4 5 |  5.4
Fighting       | 4 5 7 8 |  8.0
Axes           | 3 5 6 8 11 | 11.4
Dodging        | 1 2 3 |  3.2
Invocations    | |  0.8

Action                   |  1- 3 |  4- 6 |  7- 9 || total
-------------------------+-------+-------+-------++-------
Melee: War axe           |    57 |    63 |   159 ||   279
       Headbutt          |    10 |     7 |    37 ||    54
  Use: Scroll            |       |    11 |     5 ||    16
       Potion            |       |       |     3 ||     3
Armor: Scale mail        |    24 |    30 |       ||    54
       Chain mail        |       |     7 |   109 ||   116
Dodge: Dodged            |    21 |    32 |    87 ||   140
Block: Buckler           |    10 |    18 |    50 ||    78
